 Dungeon Crawl Stone Soup version 0.24-a0-784-g601f8f6d22 (webtiles) character file.

Game seed: 16495186704371127419, levelgen mode: deterministic

1043 Johnny the Digger (level 7, -1/57 HPs)
             Began as a Demigod Earth Elementalist on Oct 8, 2019.
             Slain by a centaur (4 damage)
             ... on level 5 of the Dungeon.
             The game lasted 00:06:02 (5239 turns).

Johnny the Digger (Demigod Earth Elementalist)      Turns: 5239, Time: 00:06:03

Health: -1/57      AC:  3    Str:  9 (11) XL:     7   Next: 75%
Magic:  15/16      EV: 14    Int: 21 (23) God:
Gold:   309        SH:  0    Dex: 15 (16) Spells: 12/13 levels left

rFire    . . .     SeeInvis .   s - +5 spear
rCold    . . .     Gourm    .   (no shield)
rNeg     + . .     Faith    +   c - +0 robe
rPois    .         Spirit   .   (no helmet)
rElec    .         Reflect  .   x - +0 cloak
rCorr    .         Harm     .   (no gloves)
MR       .....                  (no boots)
Stlth    ++........             w - amulet of faith
HPRegen  0.19/turn              l - ring of positive energy
MPRegen  0.15/turn              (no ring)

@: hasted, very quick
A: high mp 1
a: no special abilities


You were on level 5 of the Dungeon.
You were not hungry.

You visited 1 branch of the dungeon, and saw 5 of its levels.

You collected 309 gold pieces.

Inventory:

Hand Weapons
 s - a +5 spear (weapon)
Armour
 c - a +0 robe (worn)
 j - the cursed +0 chain mail of Dice, Bag, and Bottle {rC+ Int+4, unknown}
   (You found it on level 5 of the Dungeon)

   It affects your intelligence (+4).
   It protects you from cold.
   It has a curse placed upon it.
 x - a +0 cloak (worn)
Jewellery
 l - a ring of positive energy (left hand)
 w - an amulet of faith (around neck)
Scrolls
 e - a scroll of magic mapping
 k - 2 scrolls of enchant armour
 o - 2 scrolls of amnesia
 p - a scroll of noise
 q - 3 scrolls of remove curse
 u - 2 scrolls of teleportation
Potions
 m - 2 potions of haste
 v - a potion of degeneration
Comestibles
 d - 7 rations
 g - 2 chunks of flesh


   Skills:
 + Level 3.4 Fighting
 + Level 4.2 Dodging
 - Level 1.7 Stealth
 + Level 3.8 Spellcasting
   Level 0.8 Transmutations
 * Level 6.0 Earth Magic


You had 12 spell levels left.
You knew the following spells:

 Your Spells              Type           Power        Failure   Level  Hunger
a - Sandblast             Erth           ####..       1%          1    None

Your spell library contained the following spells:

 Spells                   Type           Power        Failure   Level  Hunger
 Passwall                 Tmut/Erth      ###.....     4%          2    #......
 Stone Arrow              Conj/Erth      ###...       11%         3    ###....
 Animate Skeleton         Necr           N/A          12%         1    None
 Apportation              Tloc           #.....       12%         1    None
 Confusing Touch          Hex            #.....       12%         1    None
 Summon Small Mammal      Summ           #...         12%         1    None
 Petrify                  Tmut/Erth      ###.....     28%         4    ####...
 Lee's Rapid Deconstruct  Erth           ####......   28%         5    ######.


Dungeon Overview and Level Annotations

Branches:
Dungeon (5/15)             Temple (0/1) D:4


Innate Abilities, Weirdness & Mutations

You have an increased reservoir of magic. (+10% MP)


Message History

The arrow misses you. The frilled lizard bites you.
* * * LOW HITPOINT WARNING * * *
The centaur unwields a +0 shortbow.
The centaur hits you!
* * * LOW HITPOINT WARNING * * *
You see here a hound corpse.
Attack whom?
Press: ? - help, Dir - move target cursor, f - centaur
Aim: a centaur You hit the centaur.
The centaur is moderately wounded.
The centaur closely misses you. The frilled lizard bites you.
* * * LOW HITPOINT WARNING * * *
Attack whom?
Press: ? - help, Dir - move target cursor, f/p - centaur
Aim: a centaur (moderately wounded)
You hit the centaur.
The centaur is heavily wounded.
The centaur hits you.
You die...

#...## #.....#.##
##....## #........##
#......# #.........#
#......## #..........
##.......## #.........^
#.........# #.......#
#.........## #......#
...........#######....###
...........#....@c..###
..........<...(.#l.##
.>..........######..#
............# #..#
.........#### ##..#
...####### #.# ##.# .. #
#.#


You could see a centaur and a frilled lizard.

Vanquished Creatures
  An ice beast (D:5)
  2 ogres
  A bullfrog zombie (D:5)
  An orc priest (D:4)
  A gnoll shaman (D:4)
  A hound (D:5)
  6 orc wizards
  A bullfrog skeleton (D:5)
  3 iguanas
  5 worker ants
  A hound skeleton (D:5)
  5 gnolls (D:4)
  A howler monkey skeleton (D:4)
  7 adders
  2 adder skeletons
  2 worms
  2 dart slugs (D:1)
  A leopard gecko (D:4)
  9 orcs
  3 ball pythons
  10 giant cockroaches
  10 goblins
  21 hobgoblins
  11 jackals
  10 kobolds
  A quokka (D:4)
  3 bats
  7 frilled lizards
  8 rats
136 creatures vanquished.

Notes
Turn   | Place    | Note
-------+----------+-------------------------------------------
     0 | D:1      | Johnny the Demigod Earth Elementalist began the quest for
                  | the Orb.
     0 | D:1      | Reached XP level 1. HP: 14/14 MP: 5/5
    52 | D:1      | Reached XP level 2. HP: 15/22 MP: 0/7
   155 | D:1      | Reached skill level 3 in Earth Magic
   823 | D:2      | Reached XP level 3. HP: 27/27 MP: 5/8
   828 | D:2      | Reached skill level 1 in Fighting
  1687 | D:3      | Found a burning altar of Makhleb.
  1859 | D:3      | Reached XP level 4. HP: 17/35 MP: 7/10
  2580 | D:3      | Reached XP level 5. HP: 23/41 MP: 5/11
  2611 | D:3      | Reached skill level 4 in Earth Magic
  3550 | D:4      | Noticed an ogre
  3559 | D:4      | Killed an ogre
  3559 | D:4      | Reached XP level 6. HP: 48/48 MP: 9/13
  3714 | D:4      | Reached skill level 5 in Earth Magic
  4491 | D:4      | Found a staircase to the Ecumenical Temple.
  4748 | D:5      | Entered Level 5 of the Dungeon
  4767 | D:5      | Reached XP level 7. HP: 49/56 MP: 15/15
  5090 | D:5      | Got an ichor-stained chain mail
  5160 | D:5      | Found a shadowy altar of Dithmenos.
  5185 | D:5      | Reached skill level 6 in Earth Magic
  5239 | D:5      | Slain by a centaur

Levels and vault maps discovered:
D:1:      dpeg_arrival_arbitrary_c, layout_rooms
D:2:      layout_rooms
D:3:      cheibrodos_greedy_goblins, layout_loops_ring, lemuel_round_altar,
          first_ration
D:4:      layout_gridville, temple_doors_e, minmay_mini_jars
D:5:      layout_cave_pods, grunt_dithmenos_smoke_and_mirrors

Skill      XL: |  1  2  3  4  5  6  7 |
---------------+----------------------+-----
Dodging        | 2 3 4 |  4.2
Earth Magic    | 3 4 5 6 |  6.0
Spellcasting   | 2 3 |  3.8
Fighting       | 1 2 3 |  3.4
Stealth        | |  1.7
Transmutations | |  0.8

Action                   |  1- 3 |  4- 6 |  7- 9 || total
-------------------------+-------+-------+-------++-------
Melee: Unarmed           |    13 |       |       ||    13
       Club              |    26 |       |       ||    26
       Short sword       |    83 |    11 |       ||    94
       Spear             |       |   109 |    54 ||   163
 Cast: Sandblast         |    47 |    71 |    28 ||   146
  Use: Scroll            |       |    10 |     5 ||    15
       Potion            |       |       |     8 ||     8
 Stab: Sleeping          |     2 |     2 |       ||     4
  Eat: Chunk             |     3 |    10 |     1 ||    14
Armor: Robe              |    37 |    14 |     4 ||    55
       Skin              |       |       |    39 ||    39
Dodge: Dodged            |   140 |   100 |    65 ||   305

Table legend:
 A = Non-vault XP
 B = Vault XP
 C = Vault XP percentage of total XP
 D = Non-vault monster count
 E = Vault monster count
 F = Vault count percentage of total count
                 A         B        C        D         E       F
            +---------+---------+-------+---------+---------+-------
      Total |    1391 |      99 |   6.6 |     117 |      19 |  14.0
            +---------+---------+-------+---------+---------+-------
        D:1 |      45 |       0 |   0.0 |      25 |       0 |   0.0
        D:2 |      59 |       0 |   0.0 |      26 |       0 |   0.0
        D:3 |     134 |      21 |  13.5 |      25 |      11 |  30.6
        D:4 |     529 |      78 |  12.9 |      25 |       8 |  24.2
        D:5 |     624 |       0 |   0.0 |      16 |       0 |   0.0
            +---------+---------+-------+---------+---------+-------
